AoeStats
← KirKy

Black Forest

509459009Analyzed
2v2 RM · 5d ago on Sep 26, 2026· 60m 12s· 4 players
Game mode
Random Map
Map size
Medium (4 player)
Population
200
Speed
Normal
Resources
Standard
Victory
Conquest
Starting age
Dark Age
Ending age
Imperial Age
RankedLock teamsTeams togetherTeam positionsShared explorationLock speedFull tech treeHidden civsTurbo modeCheats
Victory
Defeat
🇦🇷 Turks · Argentina
917
+17
🇧🇷 Vikings · Brazil
901
+17
🇮🇱 Turks · Israel
936
-17
🇷🇺 Romans · Russia
927
-17
Sir Tom the Tall
4:40 Loom
10:58 Feudal Age
12:46 Double-Bit Axe
12:54 Gold Mining
17:16 Arson
17:29 Man-at-Arms
18:34 Horse Collar
23:01 Castle Age
21:40 Padded Archer Armor
21:42 Scale Mail Armor
22:58 Fletching
23:21 Forging
23:13 Stone Mining
23:54 Crossbowman
23:57 Long Swordsman
24:41 Squires
24:44 Heavy Plow
29:31 Bow Saw
30:30 Caravan
32:46 Gold Shaft Mining
35:33 Imperial Age
33:36 Leather Archer Armor
33:39 Chain Mail Armor
33:16 Treadmill Crane
33:32 Murder Holes
34:11 Ballistics
36:03 Masonry
36:06 Fervor
35:53 Arbalester
36:55 Conscription
36:04 Pikeman
37:48 Two-Man Saw
37:21 Crop Rotation
37:57 Chemistry
37:44 Elite Berserk
38:48 Town Watch
39:56 Town Patrol
40:47 Heavy Scorpion
41:33 Elite Varangian Guard
42:56 Chieftains
47:42 Siege Engineers
48:08 Architecture
47:29 Heated Shot
48:44 Two-Handed Swordsman
50:02 Hoardings
49:31 Bogsveigar
50:05 Ring Archer Armor
50:05 Plate Mail Armor
50:11 Iron Casting
51:14 Capped Ram
51:15 Onager
52:30 Elite Skirmisher
56:11 Blast Furnace
MVP
5:46 Loom
17:41 Feudal Age
18:50 Double-Bit Axe
22:24 Castle Age
21:52 Stone Mining
21:53 Gold Mining
21:46 Horse Collar
22:26 Fletching
23:24 Heavy Plow
26:37 Town Watch
27:35 Wheelbarrow
29:27 Bow Saw
34:31 Imperial Age
32:39 Padded Archer Armor
33:22 Bloodlines
34:11 Gold Shaft Mining
34:22 Ballistics
34:49 Leather Archer Armor
36:39 Ring Archer Armor
36:06 Murder Holes
38:05 Hand Cart
38:53 Two-Man Saw
38:02 Bodkin Arrow
38:28 Forging
38:23 Scale Barding Armor
41:10 Artillery
41:32 Bracer
42:25 Iron Casting
42:05 Caravan
44:36 Masonry
44:56 Husbandry
45:17 Elite Janissary
46:45 Chain Barding Armor
47:26 Blast Furnace
47:35 Conscription
46:58 Heavy Camel Rider
50:06 Heavy Scorpion
52:25 Town Patrol
53:43 Plate Barding Armor
57:07 Cavalier
leonidze
0:49 Loom
15:49 Feudal Age
15:57 Man-at-Arms
24:13 Double-Bit Axe
24:23 Stone Mining
27:29 Horse Collar
31:41 Castle Age
32:58 Bow Saw
38:01 Elite Skirmisher
39:05 Gold Mining
40:02 Fletching
40:13 Padded Archer Armor
41:12 Wheelbarrow
41:59 Gold Shaft Mining
42:07 Padded Archer Armor
43:51 Scale Mail Armor
48:53 Hand Cart
51:01 Town Watch
53:08 Fortified Wall
53:24 Leather Archer Armor
KirKy
1:05 Loom
13:20 Feudal Age
13:48 Double-Bit Axe
20:19 Castle Age
18:43 Horse Collar
21:58 Fletching
24:45 Bow Saw
26:39 Gold Mining
30:47 Stone Mining
31:34 Gold Shaft Mining
31:02 Heavy Plow
31:39 Wheelbarrow
33:18 Bodkin Arrow
33:24 Padded Archer Armor
33:31 Town Watch
34:55 Hand Cart
35:26 Crossbowman
36:12 Thumb Ring
38:17 Ballistics
41:14 Imperial Age
40:06 Scale Barding Armor
40:12 Forging
42:09 Bloodlines
42:01 Husbandry
42:24 Chain Barding Armor
42:40 Iron Casting
43:05 Conscription
44:36 Plate Barding Armor
46:18 Two-Man Saw
48:06 Blast Furnace
48:25 Artillery
52:33 Caravan
Connection lost

Rejoining the realm…

Still unreachable

The connection could not be restored.

Session expired

The server has moved on; the page needs a fresh start.